 Dungeon Crawl Stone Soup version 0.19.1 (webtiles) character file.

29 Jerry the Sneak (level 3, 20/24 HPs)
             Began as a Mummy Enchanter on Dec 26, 2016.
             Quit the game on level 2 of the Dungeon.
             The game lasted 00:03:42 (959 turns).

Jerry the Sneak (Mummy Enchanter)                    Turns: 959, Time: 00:03:43

Health: 20/24      AC:  3    Str: 11    XL:     3   Next: 1%
Magic:  15/15      EV: 12    Int: 14    God:
Gold:   40         SH:  0    Dex: 13    Spells: 2 memorised, 3 levels left

rFire  x x .     SeeInvis .     a - +1 dagger
rCold  + + .     Gourm    .     h - +0 robe (curse)
rNeg   + + +     Faith    .     (no shield)
rPois  ∞         Spirit   .     (no helmet)
rElec  .         Reflect  .     (no cloak)
rCorr  .         Harm     .     (no gloves)
MR     .....                    i - +0 pair of boots
Stlth  ++........               (no amulet)
                                g - ring of magical power
                                e - ring of ice

@: no status effects
A: no food or potions, fire vulnerability, cold resistance 1, negative energy
resistance 3, torment resistance, unbreathing
a: no special abilities


You were on level 2 of the Dungeon.
You were not hungry.

You visited 1 branch of the dungeon, and saw 2 of its levels.

You collected 40 gold pieces.

Inventory:

Hand Weapons
 a - a +1 dagger (weapon)
 d - a +0 hunting sling
Armour
 b - a +1 robe
 h - a cursed +0 robe (worn)
 i - a +0 pair of boots (worn)
Jewellery
 e - a ring of ice (left hand)
 g - a ring of magical power (right hand)
Scrolls
 f - a scroll of remove curse {unknown}
Books
 c - a book of Maledictions

   Spells                             Type                      Level
   a - Corona                         Hexes                        1
   b - Ensorcelled Hibernation        Hexes/Ice                    2
   c - Confuse                        Hexes                        3
   d - Tukima's Dance                 Hexes                        3
   e - Dazzling Spray                 Conjuration/Hexes            3


   Skills:
 + Level 1.1 Short Blades
 + Level 1.0 Armour
 - Level 1.5 Dodging
 + Level 2.9 Stealth
 - Level 2.0 Spellcasting
 + Level 2.9 Hexes
 + Level 0.1 Ice Magic


You had 3 spell levels left.
You knew the following spells:

 Your Spells              Type           Power        Failure   Level  Hunger
a - Corona                Hex            #......      10%         1    N/A
b - Ensorcelled Hibernat  Hex/Ice        #.....       21%         2    N/A

Dungeon Overview and Level Annotations

Branches:
Dungeon (2/15)

Altars:


Innate Abilities, Weirdness & Mutations

You do not eat or drink.
Your flesh is vulnerable to fire.
You are immune to poison.
Your flesh is cold resistant. (rC+)
You are immune to negative energy. (rN+++)
You are immune to unholy pain and torment.
You can survive without breathing.


Message History

You hit the dart slug.
The dart slug is severely wounded.
The dart slug bites you.
You hit the dart slug.
You kill the dart slug!
The goblin closely misses you.
You see here a dart slug corpse.
You hit the goblin.
The goblin is severely wounded.
The goblin hits you with a dagger.
You closely miss the goblin.
The goblin is severely wounded.
The goblin hits you but does no damage.
You hit the goblin.
You kill the goblin!
You have reached level 3!
Your experience leads to an increase in your attributes!
Increase (S)trength, (I)ntelligence, or (D)exterity?
You feel agile.
Are you sure you want to abandon this character and quit the game? (Confirm with "yes".)

## #. .$ #..#.
#..#.## ###..#..#
........#
###...).#.#
.......@#.#
#####...#.#
#.....#.#
#.#.....##
#!####.###....#
#......#....#.#
########......#.#
#............##.#
.###.#.........#


There were no monsters in sight!

Vanquished Creatures
  A dart slug (D:2)
  3 leopard geckos (D:1)
  6 goblins
  4 jackals (D:1)
  4 kobolds (D:1)
  A bat (D:2)
  2 frilled lizards
  A rat (D:1)
22 creatures vanquished.

Notes
Turn   | Place    | Note
-------+----------+-------------------------------------------
     0 | D:1      | Jerry the Mummy Enchanter began the quest for the Orb.
     0 | D:1      | Reached XP level 1. HP: 13/13 MP: 3/3
   224 | D:1      | Reached XP level 2. HP: 11/19 MP: 5/5
   228 | D:1      | Learned a level 2 spell: Ensorcelled Hibernation
   450 | D:1      | Reached skill level 1 in Armour
   560 | D:1      | Reached skill level 1 in Short Blades
   958 | D:2      | Reached XP level 3. HP: 20/24 MP: 6/6
   959 | D:2      | Quit the game

Skill      XL: |  1  2 |
---------------+-------+-----
Armour         | 1 |  1.0
Short Blades   | 1 |  1.1
Dodging        | |  1.5
Stealth        | |  2.9
Spellcasting   | |  2.0
Hexes          | |  2.9
Ice Magic      | |  0.1

Action                   || total
-------------------------++-------
Melee: Dagger            ||    74
 Stab: Sleeping          ||     5
Armor: Robe              ||    16
Dodge: Dodged            ||    44
